 Dungeon Crawl Stone Soup version 0.20.0-7-g3b7b877 (webtiles) character file.

249 McKennaii the Skirmisher (level 5, -3/42 HPs)
             Began as a Demonspawn Abyssal Knight on May 29, 2017.
             Was a Believer of Lugonu.
             Slain by a two-headed ogre
             ... wielding a +0 giant club
              (19 damage)
             ... on level 4 of the Dungeon.
             The game lasted 00:04:39 (3777 turns).

McKennaii the Skirmisher (DsAK)                     Turns: 3777, Time: 00:04:40

Health: -3/42      AC:  3    Str: 13    XL:     5   Next: 86%
Magic:  7/7        EV:  7    Int: 13    God:    Lugonu [**....]
Gold:   152        SH: 13    Dex: 18    Spells: 4/4 levels left

rFire    + . .     SeeInvis .   a - +1 hand axe
rCold    . . .     Gourm    .   r - +1 large shield
rNeg     . . .     Faith    .   b - +0 leather armour
rPois    .         Spirit   .   (no helmet)
rElec    .         Reflect  .   (no cloak)
rCorr    .         Harm     .   (no gloves)
MR       .....                  (no boots)
Stlth    ++........             (no amulet)
Regen    0.2/turn               D - +5 ring of dexterity
MPRegen  0.1/turn               p - ring of protection from fire

@: no status effects
A: claws 1, powered by pain 1
a: Depart the Abyss, Bend Space, Renounce Religion


You were on level 4 of the Dungeon.
You worshipped Lugonu.
Lugonu was pleased with you.
You were not hungry.

You visited 1 branch of the dungeon, and saw 4 of its levels.
You visited the Abyss 1 time.

You collected 152 gold pieces.

Inventory:

Hand Weapons
 a - a +1 hand axe (weapon)
Armour
 b - a +0 leather armour (worn)
 r - a +1 large shield (worn)
Jewellery
 f - an uncursed ring of see invisible
 p - a ring of protection from fire (right claw)
 D - a +5 ring of dexterity (left claw)
Scrolls
 e - a scroll of magic mapping
 g - a scroll of recharging {unknown}
 i - a scroll of fog {unknown}
 k - a scroll of enchant armour
 m - 2 scrolls of remove curse {unknown}
 n - 2 scrolls of identify
 o - a scroll of amnesia {unknown}
 s - a scroll of immolation {unknown}
 v - 2 scrolls of enchant weapon {unknown}
 y - 2 scrolls of teleportation {unknown}
 A - a scroll of random uselessness {unknown}
 B - a scroll of noise {unknown}
Potions
 d - 4 potions of heal wounds
 j - a potion of might {unknown}
 q - a potion of agility {unknown}
 t - 2 potions of degeneration {unknown}
 u - a potion of mutation {unknown}
 w - 2 potions of curing {unknown}
 x - a potion of flight {unknown}
 z - a potion of lignification {unknown}
Comestibles
 c - 4 bread rations
 h - 4 meat rations
 l - 2 fruits
 E - a royal jelly


   Skills:
 + Level 4.1 Fighting
 + Level 3.3 Axes
 + Level 2.5 Armour
 + Level 1.5 Dodging
 + Level 1.4 Stealth
 + Level 1.6 Shields
 + Level 2.7 Invocations


You had 4 spell levels left.
You didn't know any spells.

Dungeon Overview and Level Annotations

Branches:
Dungeon (4/15)             Temple (0/1) D:4

Altars:
Cheibriados
Gozag
Hepliaklqana
Kikubaaqudgha
Nemelex Xobeh
Sif Muna
Uskayaw
Yredelemnul


Innate Abilities, Weirdness & Mutations

You have sharp fingernails.
You sometimes gain a little power by taking damage.


Message History

Your +0 large shield glows green for a moment.
As you read the scroll labeled TAYBBU MEEVIADE, it crumbles to dust.
It is a scroll of identify.
d - 5 potions of heal wounds The orc barely misses you.
You feel much better. You block the orc's attack.
You hit the orc but do no damage.
The orc is heavily wounded.
The orc hits you but does no damage.
You hit the orc.
The orc is heavily wounded.
You hit the two-headed ogre.
The two-headed ogre is lightly wounded.
The two-headed ogre hits you with a giant club!
You block the two-headed ogre's attack.
You hit the two-headed ogre but do no damage.
The two-headed ogre is lightly wounded.
The two-headed ogre hits you with a giant club!
The two-headed ogre hits you with a giant club!!
You die...

,,*,,........##........## #.###
,,,,,......[.##.........#####..##
,*,,,........##..o.............##
,,,,,..........a.O.....#######...
,,,,,........r.oo......# ##..
,,***##############o#### #.# ***
#........# #.# #..
####........####a# ###
#_...........@Oor#
####........###### #........#
##########


You could see a two-headed ogre, a worker ant, an orc and a quokka.

Vanquished Creatures
  An ogre (D:4)
  9 adders
  2 oozes (D:2)
  2 worms (D:3)
  3 dart slugs
  3 leopard geckos
  5 orcs
  A giant cockroach (D:3)
  11 goblins
  4 hobgoblins
  2 ball pythons
  9 bats
  2 frilled lizards
  2 gnoll zombies (D:4)
  5 kobolds
  6 rats
67 creatures vanquished.

Notes
Turn   | Place    | Note
-------+----------+-------------------------------------------
     0 | Abyss:1  | McKennaii the Demonspawn Abyssal Knight began the quest for the Orb.
     0 | Abyss:1  | Reached XP level 1. HP: 18/18 MP: 2/2
     3 | Abyss:1  | Found a blossoming altar of Fedhas.
   130 | Abyss:1  | Noticed a small abomination
   131 | Abyss:1  | Noticed a bone dragon
   133 | Abyss:1  | Noticed a quasit
   134 | D:1      | Escaped the Abyss
   452 | D:1      | Gained mutation: You sometimes gain a little power by taking damage. [demonic ancestry]
   452 | D:1      | Reached XP level 2. HP: 15/24 MP: 3/3
   635 | D:1      | Reached skill level 1 in Dodging
   889 | D:2      | Reached * piety under Lugonu
   889 | D:2      | Reached XP level 3. HP: 23/29 MP: 3/5
  1394 | D:2      | Gained mutation: You have sharp fingernails. [demonic ancestry]
  1394 | D:2      | Reached XP level 4. HP: 13/36 MP: 6/6
  1674 | D:2      | Found a snail-covered altar of Cheibriados.
  1840 | D:2      | Found an ancient bone altar of Kikubaaqudgha.
  1845 | D:2      | Found a sparkling altar of Nemelex Xobeh.
  1865 | D:2      | Found a hazy altar of Hepliaklqana.
  2635 | D:3      | Reached skill level 1 in Shields
  2971 | D:3      | Reached XP level 5. HP: 42/42 MP: 7/7
  3325 | D:3      | Found a deep blue altar of Sif Muna.
  3333 | D:3      | Found an opulent altar of Gozag.
  3382 | D:3      | Reached ** piety under Lugonu
  3382 | D:3      | Reached skill level 1 in Stealth
  3473 | D:3      | Found a deep blue altar of Sif Muna.
  3506 | D:4      | Noticed an ogre
  3515 | D:4      | Killed an ogre
  3515 | D:4      | Reached skill level 4 in Fighting
  3518 | D:4      | Found a hide-covered altar of Uskayaw.
  3733 | D:4      | Found a basalt altar of Yredelemnul.
  3753 | D:4      | Noticed a two-headed ogre
  3777 | D:4      | Slain by a two-headed ogre

Skill      XL: |  1  2  3  4  5 |
---------------+----------------+-----
Axes           | 2 3 |  3.3
Dodging        | 1 |  1.5
Armour         | 2 |  2.5
Shields        | 1 |  1.6
Stealth        | 1 |  1.4
Fighting       | 4 |  4.1
Invocations    | |  2.7

Action                   |  1- 3 |  4- 6 || total
-------------------------+-------+-------++-------
Melee: Hand axe          |    83 |   194 ||   277
Invok: Depart the Abyss  |     1 |       ||     1
  Use: Scroll            |       |     3 ||     3
       Potion            |       |     1 ||     1
 Stab: Sleeping          |     1 |     3 ||     4
  Eat: Chunk             |     2 |     7 ||     9
Armor: Leather armour    |    32 |    48 ||    80
Dodge: Dodged            |    42 |    43 ||    85
Block: Large shield      |    18 |   136 ||   154
